 Dungeon Crawl Stone Soup version 0.28-a0-998-gb9e9c7b67e (webtiles) character file.

Game seed: 16219021514032816441

260 oldriver the Magician (level 5, -4/39 HPs)
             Began as a Draconian Conjurer on Dec 5, 2021.
             Killed by divine providence
             ... invoked by an orc priest
              (13 damage)
             ... on level 4 of the Dungeon.
             The game lasted 00:03:34 (4060 turns).

oldriver the Magician (Draconian Conjurer)          Turns: 4060, Time: 00:03:34

Health: -4/39      AC:  5    Str:  9    XL:     5   Next: 95%
Magic:  7/12       EV: 12    Int: 21    God:
Gold:   133        SH:  0    Dex:  9    Spells: 6/13 levels left

rFire   . . .      SeeInvis .   (no weapon)
rCold   . . .      Faith    .   (no shield)
rNeg    . . .      Spirit   .   (armour unavailable)
rPois   .          Reflect  .   (helmet restricted)
rElec   .          Harm     .   (no cloak)
rCorr   .          Rampage  .   (no gloves)
Will    .....                   (no boots)
Stlth   ++........              (no amulet)
HPRegen 0.13/turn               (no ring)
MPRegen 0.13/turn               (no ring)

@: no status effects
A: AC +5, unfitting armour, cold-blooded
a: no special abilities


You were on level 4 of the Dungeon.
You visited 1 branch of the dungeon, and saw 4 of its levels.

You collected 133 gold pieces.

Inventory:

Jewellery
 e - a ring of fire
 i - a ring of magical power
Scrolls
 a - 2 scrolls of noise {unknown}
 b - 2 scrolls of fog {unknown}
 c - a scroll of teleportation {unknown}
 d - a scroll of enchant armour {unknown}
 f - a scroll of blinking {unknown}
 g - a scroll of torment {unknown}
 h - a scroll of identify {unknown}
 k - a scroll of fear {unknown}
Potions
 l - a potion of attraction {unknown}
 m - a potion of lignification {unknown}
 n - a potion of magic {unknown}


   Skills:
 + Level 0.5 Fighting
 + Level 2.4 Dodging
 + Level 2.4 Stealth
 - Level 0.5 Unarmed Combat
 * Level 4.9 Spellcasting
 + Level 4.1 Conjurations
 * Level 0.6 Translocations


You had 6 spell levels left.
You knew the following spells:

 Your Spells              Type           Power      Damage    Failure   Level
a - Magic Dart            Conj           88%        1d7       1%          1
b - Searing Ray           Conj           44%        2d6       3%          2
c - Iskenderun's Mystic   Conj/Tloc      15%        2d5       38%         4

Your spell library contained the following spells:

 Spells                   Type           Power      Damage    Failure   Level
 Dazzling Flash           Conj/Hex       26%        N/A       14%         3
 Fulminant Prism          Conj/Hex       6%         3d7       43%         4
 Starburst                Conj/Fire      6%         6d4       100%        6


Dungeon Overview and Level Annotations

Branches:
Dungeon (4/15)
 Temple: D:4-7

Altars:
Ashenzari
Nemelex Xobeh
Uskayaw
Zin


Innate Abilities, Weirdness & Mutations

Your plain brown scales are hard. (AC +5)
You cannot fit into any form of body armour.
You are cold-blooded and may be slowed by cold attacks.


Message History

Found 24 arrows.
Found a stone staircase leading down.
An orc comes into view. It is wielding a +0 mace.
Found a fuming amethyst potion.
The magic dart hits the orc but does no damage.
The orc shouts!
An orc comes into view. It is wielding a +0 club.
An orc priest comes into view. It is wielding a +0 club.
The magic dart hits the orc but does no damage.
The orc shouts!
The orc priest shouts!
The magic dart hits the orc but does no damage.
An orc comes into view. It is wielding a +0 flail.
The magic dart hits the orc.
The orc is heavily wounded.
The orc shouts!
The magic dart hits the orc!
You kill the orc!
The magic dart hits the orc priest.
The orc priest is moderately wounded.
A kobold comes into view.
It is wielding a +0 hand axe and carrying a wand of iceblast (11).
The orc priest calls down the wrath of Beogh upon you.
Beogh smites you!
You hear a shout!
The orc priest mumbles some strange prayers to Beogh against you.
Beogh smites you!
You hear a shout!
Casting: Magic Dart (safe; 1% risk of failure)
Confirm with . or Enter, or press ? or * to list all spells.
Aiming: Searing Ray (safe; 3% risk of failure)
Press: ? - help, Shift-Dir - straight line, f/p - orc priest
Aim: an orc priest, wielding a +0 club and wearing a +0 ring mail (moderately wounded, 81% to hit)
The searing ray misses the orc priest. (Press . to maintain the ray.)
The searing ray hits the orc.
The orc is lightly wounded.
The orc priest calls down the wrath of Beogh upon you.
Beogh smites you!
* * * LOW HITPOINT WARNING * * *
The orc priest calls down the wrath of Beogh upon you.
Beogh smites you!
You die...

#.###############......... #
#.#..........####.######## #
#.......####.##....# #
#.......# #.##....# #
#.......# #.##....#
########.#.########.##....##
.oo.o..o..................>#
########.#o###.####.####(#.#
..# #.#......@........#.#
...#
#.#####.####.######.######
....
#..o.o....................
....
#######.####.###<.........
.... ##.####.#......######
.... .....................
.... ##.####.#.###########
K.. ...(....#.# ....#####.#


You could see an orc priest and an orc.

Vanquished Creatures
  A scorpion (D:4)
  A hound skeleton (D:4)
  Robin (D:2)
  A gnoll (D:1)
  7 adders
  3 worms
  4 dart slugs
  2 orcs
  13 ball pythons
  12 bats
  6 endoplasms
  4 giant cockroaches
  15 goblins
  4 hobgoblins
  3 quokkas
  7 frilled lizards
  2 kobolds
  A rat (D:1)
87 creatures vanquished.

Notes
Turn   | Place    | Note
-------+----------+-------------------------------------------
     0 | D:1      | oldriver the Draconian Conjurer began the quest for the
                  | Orb.
     0 | D:1      | Reached XP level 1. HP: 14/14 MP: 3/3
    79 | D:1      | Reached XP level 2. HP: 14/20 MP: 0/5
   580 | D:1      | Reached XP level 3. HP: 26/26 MP: 5/7
  1606 | D:2      | Reached XP level 4. HP: 26/33 MP: 0/9
  2457 | D:3      | Noticed Robin
  2488 | D:2      | Killed Robin
  2489 | D:2      | Reached XP level 5. HP: 37/38 MP: 11/11
  2692 | D:3      | Found a glowing silver altar of Zin.
  2740 | D:3      | Learned a level 2 spell: Searing Ray
  2745 | D:3      | Learned a level 4 spell: Iskenderun's Mystic Blast
  2884 | D:3      | Found a hide-covered altar of Uskayaw.
  3134 | D:3      | Found a broken altar of Ashenzari.
  3180 | D:3      | Found a sparkling altar of Nemelex Xobeh.
  3460 | D:3      | Found a faded altar of an unknown god.
  4060 | D:4      | Killed from afar by an orc priest

Illustrated notes

Levels and vault maps discovered:
D:1:      nzn_arrival_water_spiral, layout_basic, st_stairs_5, minmay_cupped
D:2:      layout_basic, chequers_jeans, minmay_snake_closets
D:3:      layout_rooms, lemuel_tele_altar, lemuel_round_altar,
          mainiacjoe_overflow_brackets, mainiacjoe_overflow_catwalk,
          shapermc_ecumenical_altar_mp_vishouse, uniq_robin
D:4:      layout_basic, nicolae_shop_overcharged_wands

Skill      XL: |  1  2  3  4 |
---------------+-------------+-----
Dodging        | 2 |  2.4
Stealth        | 2 |  2.4
Spellcasting   | 3 4 |  4.9
Fighting       | |  0.5
Unarmed Combat | |  0.5
Conjurations   | |  4.1
Translocations | |  0.6

Action                   |  1- 3 |  4- 6 || total
-------------------------+-------+-------++-------
Melee: Unarmed           |     4 |     9 ||    13
       Tailslap          |     2 |       ||     2
 Cast: Magic Dart        |    79 |   139 ||   218
       Searing Ray       |       |     1 ||     1
  Use: Potion            |       |     2 ||     2
Armor: Skin              |     3 |    12 ||    15
Dodge: Dodged            |     5 |    26 ||    31

Table legend: (Time is in decaauts)
 A = Elapsed time spent in this place.
 B = Non-inter-level travel time spent in this place.
 C = Inter-level travel time spent in this place.
 D = Time resting spent in this place.
 E = Time spent auto-exploring this place.
 F = Levels seen in this place.
 G = Mean time per level.
                   A        B        C        D        E       F      G
               +--------+--------+--------+--------+--------+-----+--------+
         Total |   4062 |   4016 |     46 |    765 |   2809 |   4 | 1015.5 |
       Dungeon |   4062 |   4016 |     46 |    765 |   2809 |   4 | 1015.5 |
               +--------+--------+--------+--------+--------+-----+--------+

Top non-repeatable levels by time:
     D:2: 1467 daAuts
     D:3: 1253 daAuts
     D:1: 983 daAuts
     D:4: 358 daAuts
